 Dungeon Crawl Stone Soup version 0.20-a0-537-g052e6ba (webtiles) character file.

105843 Klosterheim the Fighter (level 16, -4/174 HPs)
             Began as an Ogre Monk on Jan 28, 2017.
             Was a High Priest of Okawaru.
             Killed from afar by Nikola (17 damage)
             ... with a chain lightning
             ... on level 2 of the Swamp.
             The game lasted 01:30:52 (35411 turns).

Klosterheim the Fighter (Ogre Monk)                Turns: 35411, Time: 01:30:53

Health: -4/174     AC: 32    Str: 32    XL:     16   Next: 42%
Magic:  21/27      EV: 12    Int: 23    God:    Okawaru [*****.]
Gold:   2709       SH: 15    Dex: 19    Spells: 21/29 levels left

rFire    + . .     SeeInvis .   R - +1 eveningstar of the Shining Light {vamp, -Tele +Inv Str+4 Int+7 Stlth+}
rCold    + . .     Gourm    .   k - +8 gold dragon scales of Moral Flaws {rPois rF+ rC+ rN+ Dex+4 Stlth-}
rNeg     + . .     Faith    +   Y - +0 shield
rPois    +         Spirit   .   z - +0 hat {MR+}
rElec    .         Reflect  .   E - +1 cloak
rCorr    .         Harm     .   (gloves unavailable)
MR       ++...     NoTele   +   (boots unavailable)
Stlth    ..........             s - amulet of faith
Regen    0.4/turn               K - +4 ring of dexterity
                                p - +4 ring of strength

@: mighty, heroism, finesse, very slightly contaminated, invisible
A: unfitting armour, tough skin 1
a: Heroism, Finesse, Renounce Religion


You were on level 2 of the Swamp.
You worshipped Okawaru.
Okawaru was extremely pleased with you.
You were not hungry.

You visited 5 branches of the dungeon, and saw 26 of its levels.
You also visited: Bailey.

You collected 2969 gold pieces.
You spent 260 gold pieces at shops.

Inventory:

Hand Weapons
 l - a +0 giant spiked club
 B - the +11 demon whip of Cheese {venom, Str+4}
   (Okawaru gifted it to you on level 2 of the Lair of Beasts)

   It poisons the flesh of those it strikes.
   It affects your strength (+4).
 R - the +1 eveningstar of the Shining Light (weapon) {vamp, -Tele +Inv Str+4 Int+7 Stlth+}
   (Okawaru gifted it to you on level 1 of the Orcish Mines)

   It inflicts no extra harm, but heals its wielder when it wounds a living foe.
   It affects your strength (+4).
   It affects your intelligence (+7).
   It lets you turn invisible.
   It prevents most forms of teleportation.
   It makes you more stealthy.
Armour
 k - the +8 gold dragon scales of Moral Flaws (worn) {rPois rF+ rC+ rN+ Dex+4 Stlth-}
   (Okawaru gifted it to you on level 2 of the Orcish Mines)

   It affects your dexterity (+4).
   It protects you from fire.
   It protects you from cold.
   It protects you from poison.
   It protects you from negative energy.
   It makes you less stealthy.
 z - a +0 hat of magic resistance (worn)
 E - a +1 cloak (worn)
 P - a +2 robe of magic resistance
 Y - a +0 shield (worn)
Jewellery
 n - an uncursed ring of ice
 p - a +4 ring of strength (left hand)
 s - an amulet of faith (around neck)
 K - a +4 ring of dexterity (right hand)
Wands
 C - a wand of digging (10/24)
 D - a wand of digging (11/24)
 H - a wand of paralysis (14/24)
 I - a wand of disintegration (7/24)
 L - a wand of disintegration (7/24)
Scrolls
 d - 5 scrolls of teleportation
 e - 5 scrolls of magic mapping
 h - 13 scrolls of remove curse
 q - 2 scrolls of enchant armour
 x - 6 scrolls of enchant weapon
 y - 2 scrolls of recharging
 F - a scroll of fear
 O - a scroll of fog
Potions
 a - a potion of flight
 b - 3 potions of ambrosia {unknown}
 i - 2 potions of lignification
 j - a potion of curing
 m - 6 potions of cancellation
 o - a potion of berserk rage {unknown}
 t - a potion of heal wounds
 u - 2 potions of resistance {unknown}
 w - a potion of might
 Q - 4 potions of brilliance
Books
 J - a book of Geomancy

   Spells                             Type                      Level
   a - Sandblast                      Earth                        1
   b - Passwall                       Transmutation/Earth          2
   c - Stone Arrow                    Conjuration/Earth            3
   d - Petrify                        Transmutation/Earth          4
   e - Lee's Rapid Deconstruction     Earth                        5
Miscellaneous
 v - 2 sacks of spiders
 A - a lamp of fire
 N - a phial of floods
 S - a fan of gales
Comestibles
 c - 12 bread rations
 g - 13 royal jellies
 T - 5 meat rations
 W - 28 fruits


   Skills:
 + Level 14.4(19.4) Fighting
 + Level 12.9(17.9) Maces & Flails
 + Level 10.8(15.8) Armour
 - Level 7.4(12.4) Dodging
 - Level 1.4(6.4) Stealth
 * Level 9.6(14.6) Shields
 - Level 7.3 Spellcasting
 - Level 8.7 Hexes
 - Level 3.1 Ice Magic
 - Level 7.3 Invocations
 + Level 4.5 Evocations


You had 21 spell levels left.
You knew the following spells:

 Your Spells              Type           Power        Failure   Level  Hunger
a - Confuse               Hex            #####...     10%         3    None
b - Metabolic Englaciati  Hex/Ice        #####.....   99%         5    #####..


Dungeon Overview and Level Annotations

Branches:
Dungeon (15/15)            Temple (1/1) D:4            Lair (6/6) D:9
  Swamp (2/4) Lair:4        Snake (0/4) Lair:3        Slime (0/5) Lair:5
    Orc (2/2) D:12            Elf (0/3) Orc:2        Vaults (0/5) D:14
 Depths: D:15

Altars:
Ashenzari
Cheibriados
Dithmenos
Elyvilon
Fedhas
Gozag
Hepliaklqana
Kikubaaqudgha
Makhleb
Nemelex Xobeh
Okawaru
Qazlal
Ru
Sif Muna
Trog
Uskayaw
Vehumet
Xom
Yredelemnul
Zin
The Shining One
Beogh

Shops:
D:7 (   D:8 :   D:12 (   Orc:1 [%[*=   Orc:2 ?(:(

Annotations:
Swamp:1 exclusion: Roxanne, Roxanne
Swamp:2 1 runed door, Nikola


Innate Abilities, Weirdness & Mutations

You are too large for most types of armour.
You have tough skin. (AC +1)


Message History

A spiny frog comes into view.
You feel much better.
The spiny frog gives a loud, deep croak!
Nikola mumbles some strange words.
You hear a mighty clap of thunder!
The lightning arc hits you! x2
* * * LOW HITPOINT WARNING * * *
The lightning arc hits Nikola.
The lightning arc hits you!
* * * LOW HITPOINT WARNING * * *
You hear a roar! x2; You hear a loud, deep croak!
You hear a roar!
You feel much better.
The spiny frog gives a loud, deep croak!
Nikola gestures wildly while chanting.
You hear a mighty clap of thunder!
The lightning arc hits you!
* * * LOW HITPOINT WARNING * * *
The lightning arc hits Nikola.
The lightning arc hits you!
* * * LOW HITPOINT WARNING * * *
The lightning arc hits Nikola.
The lightning arc hits you!
You die...

...≈≈♣♣ ♣≈.....♣♣
♣♣♣.≈≈≈♣♣ ♣♣..≈≈♣♣≈
♣..≈≈≈≈≈♣♣ ♣♣♣♣♣....>≈≈≈
♣.≈≈≈F≈≈§♣♣♣♣≈♣♣.≈≈≈≈..≈♣
♣≈.≈≈≈.....≈≈≈≈.≈≈≈...≈..
♣♣≈.......♣...†≈..≈.♣♣≈..
♣..≈.≈≈≈.♣♣..≈§≈.≈≈≈.♣♣.≈
♣.%i..≈≈≈.≈$.♣≈≈..≈≈≈.♣
≈♣
......≈≈≈@≈≈≈.♣♣..≈≈..♣ ♣
......≈≈≈@≈≈≈§....≈≈....
##.##..≈..≈≈≈≈≈≈..≈≈≈≈≈≈.
.. #..>..≈≈≈≈..♣...≈≈≈§.
#...≈≈≈≈≈≈.♣♣♣.≈≈≈≈
#..≈.≈≈≈≈≈.♣ #....≈...<♣♣
#...♣♣.≈≈♣♣


You could see Nikola, a spriggan rider and a spiny frog (wandering).

Vanquished Creatures
  Jorgrun (Swamp:2)
  A thorn hunter (Swamp:2)
  Aizul (Swamp:1)
  An orc warlord (Orc:2)
  The ghost of stickyfingers the Archer, a journeyman DECK of Nemelex Xobeh (Lair:4)
  A rakshasa (D:9)
  8 hydras
  4 vault guards (D:14)
  3 centaur warriors
  A ghost crab (Swamp:1)
  3 alligators (Swamp:1)
  Erica (D:10)
  8 two-headed ogres
  5 orc high priests
  A death yak (Lair:6)
  The ghost of Vidiiot the Carver, a novice BaWn of Ashenzari (D:10)
  An unseen horror (D:13)
  A shambling mangrove (Swamp:1)
  2 swamp dragons
  3 orc knights
  Pikel (D:4)
  A deep elf mage (D:12)
  3 orc sorcerers
  5 oklob plants
  5 ugly things
  4 manticores
  3 cyclopes
  3 elephants (Lair:4)
  Joseph (D:8)
  3 black mambas
  Maurice (D:8)
  4 gargoyles
  14 spiny frogs
  A kobold demonologist (D:13)
  A yaktaur (D:14)
  A rime drake (Lair:4)
  A yaktaur (shapeshifter) (D:14)
  8 komodo dragons
  3 tengu conjurers (D:14)
  A queen bee (D:12)
  3 meliai (D:14)
  6 trolls
  11 hornets
  7 polar bears
  Prince Ribbit (D:8)
  A tyrant leech (Swamp:1)
  Grinder (D:3)
  16 blink frogs
  A dream sheep (Lair:6)
  23 slime creatures
  7 hippogriffs
  5 bog bodies
  A centaur simulacrum (D:14)
  A shadow (D:11)
  Sigmund (D:2)
  5 wyverns
  13 spriggans (Lair:6)
  2 humans (D:14)
  37 yaks
  A steam dragon (D:10)
  A basilisk (Lair:5)
  A hungry ghost (D:13)
  Grum (D:8)
  Edmund (D:6)
  3 vampire mosquitoes (Swamp:2)
  4 insubstantial wisps
  8 wargs
  9 swamp worms
  17 water moccasins
  2 acid dragons
  A swamp drake (Swamp:1)
  Duvessa (D:4)
  10 porcupines
  34 orc warriors
  A slave (Temple)
  2 ice beasts
  3 sky beasts
  5 black bears
  An eye of draining (D:10)
  15 ogres
  A phantom (D:13)
  2 necrophages
  58 wolves
  11 centaurs
  12 crocodiles
  4 boggarts (Lair:6)
  3 big kobolds
  28 bullfrogs
  Dowan (D:4)
  7 scorpions
  3 wyvern zombies
  2 wyvern skeletons
  37 killer bees
  9 wights
  8 howler monkeys
  8 crimson imps
  5 jellies
  A quasit (D:7)
  3 bullfrog zombies
  5 centaur skeletons
  8 hounds
  32 orc priests
  33 orc wizards
  2 bullfrog skeletons
  Terence (D:2)
  2 iguanas (D:6)
  4 worker ants
  Natasha (thrice) (D:2)
  A killer bee zombie (D:6)
  A hound skeleton (D:7)
  A howler monkey zombie (D:9)
  A gnoll (D:2)
  8 adders
  A howler monkey skeleton (D:7)
  2 shadow imps
  4 oozes
  2 adder skeletons
  An adder zombie (D:5)
  4 worms
  3 dart slugs
  3 leopard geckos
  108 orcs
  A ball python (D:5)
  3 giant cockroaches
  15 goblins
  A hobgoblin (D:1)
  19 jackals
  3 quokkas
  A ball python skeleton (D:5)
  14 bats
  17 kobolds
  A leopard gecko skeleton (D:4)
  13 rats
  A fungus (D:9)
897 creatures vanquished.

Vanquished Creatures (others)
  A swamp worm (Swamp:2)
  3 slaves (D:4)
  Blork the orc (D:4)
  An adder skeleton (D:4)
  A jackal (D:4)
  A rat (D:4)
  4 bushes (Lair:6)
  9 fungi
  8 plants
29 creatures vanquished.

Grand Total: 926 creatures vanquished

Notes
Turn   | Place    | Note
-------+----------+-------------------------------------------
     0 | D:1      | Klosterheim the Ogre Monk began the quest for the Orb.
     0 | D:1      | Reached XP level 1. HP: 24/24 MP: 1/1
   199 | D:1      | Reached XP level 2. HP: 27/32 MP: 2/2
   596 | D:1      | Reached XP level 3. HP: 38/40 MP: 3/3
  1192 | D:2      | Noticed Terence
  1826 | D:2      | Noticed Natasha
  1832 | D:2      | Killed Natasha
  1832 | D:2      | Reached XP level 4. HP: 13/49 MP: 4/4
  2088 | D:2      | Found a stormy altar of Qazlal.
  2199 | D:2      | Noticed Sigmund
  2222 | D:2      | Noticed Natasha
  2229 | D:2      | Killed Natasha
  2248 | D:3      | Reached XP level 5. HP: 46/55 MP: 5/5
  2593 | D:3      | Noticed Grinder
  2625 | D:2      | Noticed Natasha
  2643 | D:2      | Killed Terence
  2643 | D:2      | Reached skill level 5 in Fighting
  2645 | D:2      | Killed Natasha
  3159 | D:2      | Killed Sigmund
  3159 | D:2      | Reached skill level 5 in Maces & Flails
  3159 | D:2      | Reached XP level 6. HP: 67/67 MP: 6/6
  3429 | D:4      | Noticed Blork the orc
  3435 | D:4      | Noticed a slave
  3436 | D:4      | Noticed a slave
  3437 | D:4      | Noticed Pikel
  3437 | D:4      | Noticed a slave
  3437 | D:4      | Noticed a slave
  3569 | D:3      | Killed Grinder
  3569 | D:3      | Reached skill level 6 in Fighting
  3569 | D:3      | Reached XP level 7. HP: 43/75 MP: 7/7
  3827 | D:4      | Found a shimmering altar of Xom.
  3866 | D:4      | Noticed Duvessa
  3889 | D:4      | Noticed Dowan
  3892 | D:4      | Found a staircase to the Ecumenical Temple.
  3895 | Temple   | Entered the Ecumenical Temple
  4173 | Temple   | Became a worshipper of Warmaster Okawaru
  4173 | Temple   | Reached * piety under Okawaru
  4173 | Temple   | Reached ** piety under Okawaru
  4234 | D:3      | Found a blossoming altar of Fedhas.
  4495 | D:4      | Killed Pikel
  4495 | D:4      | Reached skill level 7 in Fighting
  4495 | D:4      | Reached XP level 8. HP: 49/87 MP: 8/8
  4499 | D:4      | Killed Blork the orc
  4502 | D:5      | Entered Level 5 of the Dungeon
  4751 | D:5      | Reached skill level 5 in Dodging
  4966 | D:5      | Reached *** piety under Okawaru
  4989 | D:5      | Found a sparkling altar of Nemelex Xobeh.
  5052 | D:5      | Noticed a wyvern
  5058 | D:5      | Killed a wyvern
  5058 | D:5      | Reached skill level 8 in Fighting
  5697 | D:5      | Reached XP level 9. HP: 53/96 MP: 9/9
  6344 | D:6      | Found a sacrificial altar of Ru.
  6823 | D:6      | Reached skill level 9 in Fighting
  6823 | D:6      | Reached skill level 1 in Invocations
  7095 | D:6      | Noticed Edmund
  7098 | D:6      | Killed Edmund
  7098 | D:6      | Reached **** piety under Okawaru
  7126 | D:6      | Noticed a hornet
  7140 | D:6      | Killed a hornet
  7424 | D:6      | Found a blossoming altar of Fedhas.
  7637 | D:4      | Found a white marble altar of Elyvilon.
  7929 | D:4      | Killed Duvessa
  7944 | D:4      | Killed Dowan
  8308 | D:7      | Found a flagged portal.
  8321 | Bailey   | Entered a bailey
  8775 | Bailey   | Noticed an orc knight
  8792 | Bailey   | Reached XP level 10. HP: 106/110 MP: 12/12
  9544 | D:7      | Found a radiant altar of Vehumet.
  9611 | D:7      | Reached skill level 10 in Maces & Flails
  9612 | D:7      | Reached skill level 10 in Fighting
  9994 | D:7      | Found Juitzoig's Antique Weapon Shop.
 10005 | D:7      | Found a radiant altar of Vehumet.
 10006 | D:7      | Found a burning altar of Makhleb.
 10037 | D:7      | Found a bloodstained altar of Trog.
 10480 | D:7      | Reached ***** piety under Okawaru
 10675 | D:8      | Noticed Prince Ribbit
 10694 | D:8      | Killed Prince Ribbit
 10726 | D:8      | Noticed Joseph
 10733 | D:8      | Killed Joseph
 10872 | D:8      | Noticed Maurice
 10883 | D:8      | Killed Maurice
 11066 | D:8      | Found Zeosmeziv's Book Boutique.
 11107 | D:8      | Bought a book of Misfortune for 260 gold pieces
 11111 | D:8      | Learned a level 3 spell: Confuse
 11128 | D:8      | Noticed a two-headed ogre
 11138 | D:8      | Killed a two-headed ogre
 11138 | D:8      | Reached skill level 1 in Spellcasting
 11138 | D:8      | Reached skill level 1 in Hexes
 11338 | D:8      | Noticed a two-headed ogre
 11349 | D:8      | Killed a two-headed ogre
 11413 | D:8      | Noticed Grum
 11439 | D:8      | Reached XP level 11. HP: 81/118 MP: 14/14
 11555 | D:8      | Killed Grum
 12046 | D:9      | Received a gift from Okawaru
 12492 | D:9      | Noticed a cyclops
 12494 | D:9      | Noticed a rakshasa
 12599 | D:9      | Noticed a two-headed ogre
 12605 | D:9      | Killed a two-headed ogre
 12797 | D:10     | Entered Level 10 of the Dungeon
 13331 | D:10     | Noticed Erica
 13346 | D:10     | Killed Erica
 13346 | D:10     | Reached skill level 5 in Hexes
 13762 | D:10     | Noticed Vidiiot's ghost (novice BaWn)
 13779 | D:10     | Killed Vidiiot's ghost
 14497 | D:11     | Noticed a two-headed ogre
 14514 | D:11     | Killed a two-headed ogre
 14514 | D:11     | Reached skill level 1 in Armour
 14515 | D:11     | Noticed a purple ugly thing
 14828 | D:10     | Received a gift from Okawaru
 14946 | D:11     | Reached XP level 12. HP: 121/128 MP: 17/19
 14972 | D:11     | Reached skill level 5 in Spellcasting
 15241 | D:11     | Reached skill level 11 in Fighting
 15291 | D:11     | Noticed a two-headed ogre
 15294 | D:11     | Killed a two-headed ogre
 15294 | D:11     | Reached skill level 5 in Invocations
 15924 | D:12     | Noticed a five-headed hydra
 15933 | D:11     | Killed a five-headed hydra
 16637 | D:12     | Found Jukhlokh's Antique Weapon Shoppe.
 16668 | D:12     | Noticed an eight-headed hydra
 16676 | D:12     | Killed an eight-headed hydra
 17730 | D:12     | Found a staircase to the Orcish Mines.
 19097 | Orc:1    | Entered Level 1 of the Orcish Mines
 19097 | Orc:1    | Found Vugeoram's Antique Armour Boutique.
 19111 | Orc:1    | Received a gift from Okawaru
 19118 | Orc:1    | Got a jewelled eveningstar {god gift}
 19120 | Orc:1    | Identified the +1 eveningstar of the Shining Light {vamp, -Tele +Inv Str+4 Int+7 Stlth+} (Okawaru gifted it to you on level 1 of the Orcish Mines)
 19138 | Orc:1    | Found a roughly hewn altar of Beogh.
 19141 | Orc:1    | Found Ycsyuh's Food Emporium.
 19151 | Orc:1    | Found Vacsoi's Armour Boutique.
 19154 | Orc:1    | Noticed a two-headed ogre
 19168 | Orc:1    | Killed a two-headed ogre
 19168 | Orc:1    | Reached XP level 13. HP: 136/139 MP: 22/22
 19723 | Orc:1    | Reached skill level 12 in Fighting
 19789 | Orc:1    | Found Cogi's Jewellery Emporium.
 19951 | Orc:1    | Found Fudumet's General Store.
 20088 | Orc:2    | Entered Level 2 of the Orcish Mines
 20088 | Orc:2    | Found a roughly hewn altar of Beogh.
 20265 | Orc:2    | Found a staircase to the Elven Halls.
 21134 | Orc:2    | Learned a level 5 spell: Metabolic Englaciation
 21252 | Orc:2    | Noticed an orc warlord
 22036 | Orc:2    | Found Urireliy's Weapon Boutique.
 22036 | Orc:2    | Found Quseec's Weapon Shop.
 22037 | Orc:2    | Found Ireozoac's Book Shop.
 22040 | Orc:2    | Found Igeudetewn's Magic Scroll Boutique.
 22183 | Orc:1    | Reached skill level 1 in Ice Magic
 22566 | Orc:2    | Killed an orc warlord
 23212 | Orc:2    | Received a gift from Okawaru
 23215 | Orc:2    | Got sapphire-studded gold dragon scales {god gift}
 23226 | Orc:2    | Identified the +8 gold dragon scales of Moral Flaws {rPois rF+ rC+ rN+ Dex+4 Stlth-} (Okawaru gifted it to you on level 2 of the Orcish Mines)
 23518 | D:13     | Reached skill level 5 in Armour
 23888 | D:13     | Reached skill level 13 in Fighting
 24176 | D:13     | Reached XP level 14. HP: 107/153 MP: 24/24
 24951 | D:14     | Received a gift from Okawaru
 25176 | D:14     | Reached skill level 14 in Fighting
 25587 | D:14     | Reached ****** piety under Okawaru
 25676 | D:14     | Found a gate to the Vaults.
 25686 | D:14     | Received a gift from Okawaru
 25704 | D:14     | Got a pitted large shield {god gift}
 25710 | D:14     | Identified the +2 large shield of Duty {rF- rN+ Regen+} (Okawaru gifted it to you on level 14 of the Dungeon)
 25816 | D:14     | Reached skill level 1 in Shields
 26054 | D:15     | Entered Level 15 of the Dungeon
 26842 | D:9      | Found a staircase to the Lair.
 26886 | Lair:1   | Entered Level 1 of the Lair of Beasts
 27409 | Lair:1   | Reached XP level 15. HP: 130/163 MP: 26/26
 28528 | Lair:2   | Reached skill level 5 in Shields
 29074 | Lair:2   | Received a gift from Okawaru
 29074 | Lair:2   | Reached skill level 1 in Evocations
 29105 | Lair:2   | Got a bloodstained demon whip {god gift}
 29106 | Lair:2   | Identified the +11 demon whip of Cheese {venom, Str+4} (Okawaru gifted it to you on level 2 of the Lair of Beasts)
 29589 | Lair:3   | Found a staircase to the Snake Pit.
 29950 | Lair:3   | Found a labyrinth entrance.
 30150 | Lair:4   | Found a staircase to the Swamp.
 30209 | Lair:4   | Noticed stickyfingers's ghost (journeyman DECK)
 30214 | Lair:4   | Killed stickyfingers's ghost
 30214 | Lair:4   | Received a gift from Okawaru
 30991 | Lair:5   | Reached skill level 10 in Armour
 31465 | Lair:5   | Found a staircase to the Slime Pits.
 31663 | Lair:6   | Entered Level 6 of the Lair of Beasts
 32237 | Lair:6   | Received a gift from Okawaru
 32265 | Lair:6   | Got a fine large shield {god gift}
 32476 | Lair:6   | Identified the -7 large shield of Summertime {rN++} (Okawaru gifted it to you on level 6 of the Lair of Beasts)
 32657 | Lair:6   | Reached XP level 16. HP: 172/172 MP: 27/27
 33524 | Swamp:1  | Entered Level 1 of the Swamp
 34135 | Swamp:1  | Noticed Aizul
 34167 | Swamp:1  | Killed Aizul
 34296 | Swamp:1  | Noticed Roxanne
 34603 | Swamp:2  | Noticed a thorn hunter
 34623 | Swamp:2  | Killed a thorn hunter
 34889 | Swamp:2  | Noticed Jorgrun
 35053 | Swamp:2  | Killed Jorgrun
 35053 | Swamp:2  | Received a gift from Okawaru
 35141 | Swamp:2  | Found a runed door.
 35141 | Swamp:2  | Noticed a tentacled monstrosity
 35364 | Swamp:2  | Noticed Nikola
 35411 | Swamp:2  | Killed from afar by Nikola

Vault maps used:
D:1:      dpeg_arrival_subterranean_lakeside_camping
D:2:      grunt_qazlal_sundering, uniq_natasha, uniq_sigmund, uniq_terence
D:3:      lemuel_upstairs_altar, uniq_grinder
D:4:      kennysheep_mini_moat, overflow_temple_1_default, temple_fountains,
          uniq_duvessa, uniq_blork_the_orc, uniq_pikel
D:5:      nemelex_xobeh_ov_fountains_minmay, first_bread
D:6:      kennysheep_little_box, nicolae_ru_awakened_eye, uniq_edmund
D:7:      nicolae_overflow_hidden_temple, serial_shops, shop_fountains,
          basic_altar, enter_bailey_3
D:8:      serial_shops, nicolae_shop_temple_entry_statues_fountains,
          uniq_prince_ribbit1, uniq_grum, uniq_joseph, uniq_maurice
D:9:      dpeg_oklobed_lair
D:10:     uniq_erica
D:12:     lemuel_ice_spiral_2, hiddenorc1_lemuel, serial_shops,
          nicolae_shop_stone, david_nohive_1
D:13:     lightli_minifort
D:14:     kennysheep_cluttered_fort, grunt_vaults_entry_fortified,
          infiniplex_staircase_pool
D:15:     grunt_enter_depths_magical_seal, fedhas_altar_4, basic_altar,
          hangedman_feature_mirror
Temple:   minmay_temple_bridge_abc
Lair:1:   grunt_forest_large_clearings, lemuel_fruit_fields
Lair:2:   beast_lair_carwin_large_3, minmay_lair_oklob_chamber,
          grunt_megastairs_1
Lair:3:   guppyfry_snake_entry_garden, lab_entry_generic,
          infiniplex_staircase_pool_2
Lair:4:   dpeg_oklob_shooting_range, swamp_mist
Lair:5:   dpeg_slime_entry_corner
Lair:6:   minmay_lair_end_enchanted_forest
Swamp:1:  evilmike_swamp_ruin_house_2, uniq_roxanne, uniq_aizul
Swamp:2:  cheibrodos_swamp_sealed, evilmike_swamp_ruin_house_1, uniq_nikola,
          uniq_jorgrun
Orc:1:    serial_shops, shop, shop, shop_coins, nicolae_shop_statue_plus, shop,
          basic_altar
Orc:2:    st_orc_mages, basic_altar
Bailey:   bailey_polearm_1, bailey

Skill      XL: |  1  2  3  4  5  6  7  8  9 10 11 12 13 14 15 16 |
---------------+-------------------------------------------------+-----
Maces & Flails | 3 4 5 6 8 9 11 12 | 12.9
Dodging        | 3 4 5 6 7 |  7.4
Fighting       | 5 6 7 8 9 10 11 13 14 | 14.4
Invocations    | 3 4 6 7 |  7.3
Spellcasting   | 2 4 6 7 |  7.3
Hexes          | 3 6 7 8 |  8.7
Armour         | 1 3 6 9 10 | 10.8
Ice Magic      | 2 3 |  3.1
Shields        | 4 8 9 |  9.6
Evocations     | 3 4 |  4.5
Stealth        | |  1.4

Action                   |  1- 3 |  4- 6 |  7- 9 | 10-12 | 13-15 | 16-18 || total
-------------------------+-------+-------+-------+-------+-------+-------++-------
Melee: Mace              |    75 |       |       |       |       |       ||    75
       Flail             |    49 |    88 |   122 |       |       |       ||   259
       Giant club        |       |       |    47 |       |       |       ||    47
       Whip              |       |       |     6 |       |       |       ||     6
       Dire flail        |       |       |    96 |   552 |       |       ||   648
       Giant spiked club |       |       |    72 |       |       |       ||    72
       Eveningstar       |       |       |       |    10 |  1926 |   315 ||  2251
       Punch             |       |       |       |       |    11 |       ||    11
       Unarmed           |       |       |       |       |     4 |       ||     4
       Demon whip        |       |       |       |       |    82 |       ||    82
 Cast: Confuse           |       |       |       |    13 |    10 |       ||    23
Invok: Heroism           |       |       |     9 |    18 |    22 |     5 ||    54
       Finesse           |       |       |       |     8 |    11 |     5 ||    24
 Abil: Evoke Invisibilit |       |       |       |       |     1 |     2 ||     3
Evoke: Wand              |       |       |     2 |     4 |    13 |       ||    19
  Use: Potion            |       |     1 |     1 |     3 |     2 |     7 ||    14
       Scroll            |       |     7 |     8 |    10 |    14 |       ||    39
 Stab: Sleeping          |     4 |     2 |     8 |     8 |     2 |       ||    24
       Distracted        |       |       |     2 |     2 |     2 |       ||     6
       Confused          |       |       |       |     1 |     4 |       ||     5
       Invisible         |       |       |       |     6 |     8 |     3 ||    17
  Eat: Chunk             |     3 |     5 |    16 |    19 |    40 |     7 ||    90
       Fruit             |       |       |     2 |       |     1 |     3 ||     6
       Royal jelly       |       |       |       |     3 |       |       ||     3
       Meat ration       |       |       |       |     2 |     1 |       ||     3
       Bread ration      |       |       |       |     1 |     5 |       ||     6
Armor: Robe              |    35 |    31 |    95 |    81 |    88 |       ||   330
       Troll leather arm |       |       |       |    13 |       |       ||    13
       Gold dragon scale |       |       |       |       |  1277 |   195 ||  1472
       Skin              |       |       |       |       |     7 |       ||     7
Dodge: Dodged            |    86 |    46 |   236 |   391 |   820 |    85 ||  1664
Block: Shield            |       |       |       |       |   802 |   198 ||  1000
